[Event "EDAMI"]
[Site "Internet Chess Club"]
[Date "2020.03.21"]
[Round "7"]
[White "gatuski"]
[Black "JotaAlvarez"]
[Result "0-1"]
[ICCResult "White resigns"]
[WhiteElo "1439"]
[BlackElo "1392"]
[Opening "Danish gambit"]
[ECO "C21"]
[NIC "KP.04"]
[Time "14:50:46"]
[TimeControl "300+3"]

1. e4 e5 2. d4 exd4 3. c3 Nf6 4. cxd4 Nxe4 5. Nf3 Bb4+ 6. Bd2 Nxd2 7. Nbxd2
Qe7+ 8. Be2 O-O 9. O-O Re8 10. Bc4 d6 11. d5 Bf5 12. Nb1 Qf6 13. Qd4 Nd7 14.
Qxf6 Nxf6 15. Nc3 Bg6 16. Rfe1 Ne4 17. Re3 Nxc3 18. bxc3 Rxe3 19. fxe3 Bxc3
20. Rc1 Bf6 21. Rd1 Re8 22. Re1 Re4 23. Bd3 Ra4 24. Bxg6 hxg6 25. Re2 c6 26.
dxc6 b6 27. c7 Rc4 28. a4 Rxc7 29. Rd2 Rd7 30. Nd4 Bxd4 31. Rxd4 f5 32. e4
Kf7 33. e5 Ke6 {White resigns} 0-1

[Event "EDAMI"]
[Site "Internet Chess Club"]
[Date "2020.03.21"]
[Round "7"]
[White "didi08"]
[Black "Josep2012"]
[Result "1-0"]
[ICCResult "Black checkmated"]
[WhiteElo "1332"]
[BlackElo "1239"]
[Opening "French: Rubinstein variation"]
[ECO "C10"]
[NIC "FR.07"]
[Time "14:50:47"]
[TimeControl "300+3"]

1. e4 e6 2. d4 d5 3. Nc3 dxe4 4. Nxe4 e5 5. Nf3 exd4 6. Nxd4 c5 7. Be3 cxd4
8. Bxd4 Nc6 9. Bb5 Qd7 10. Bxc6 Qxc6 11. O-O Qxe4 12. Qe1 Bf5 13. h3 O-O-O
14. Rd1 Qxc2 15. Rb1 Qc4 16. Qe3 Rxd4 17. Qe8+ Rd8 18. Qe3 Qxa2 19. g4 Bxb1
20. Qc1+ Kb8 21. Qc3 Be4 22. Rc1 Qe6 23. Qc7+ Ka8 24. Qxd8+ Qc8 25. Qxc8#
{Black checkmated}
1-0

[Event "EDAMI"]
[Site "Internet Chess Club"]
[Date "2020.03.21"]
[Round "7"]
[White "Juanmaromero"]
[Black "tomasgarrido"]
[Result "1-0"]
[ICCResult "Black checkmated"]
[WhiteElo "1266"]
[BlackElo "1266"]
[Opening "Philidor's defense"]
[ECO "C41"]
[NIC "KP.10"]
[Time "14:50:42"]
[TimeControl "300+3"]

1. e4 e5 2. Nf3 d6 3. Nc3 Nc6 4. d4 exd4 5. Nxd4 Nxd4 6. Qxd4 c5 7. Qd2 Bg4
8. Bc4 Nf6 9. O-O Qa5 10. e5 Be7 11. exd6 Rd8 12. Qf4 Bxd6 13. Qg5 Qc7 14.
Re1+ Kd7 15. Nd5 Nxd5 16. Qxd5 Qa5 17. Bd2 Qb6 18. Qxf7+ Kc6 19. Qxg7 Bf4
20. Qxg4 Rdf8 21. Re6+ Kc7 22. Rxb6 Kxb6 23. Bxf4 Rhg8 24. Qe6+ Ka5 25. Bd2+
Ka4 26. Bb3+ Kb5 27. Qe2+ Kc6 28. h3 Rf7 29. Qc4 Rfg7 30. Be3 Rxg2+ 31. Kf1
Rg1+ 32. Ke2 Rxa1 33. Qd5+ Kc7 34. Qxg8 Re1+ 35. Kxe1 Kb6 36. Qd8+ Kc6 37.
Qd5+ Kb6 38. Qxc5+ Ka6 39. Bc4+ b5 40. Qxb5# {Black checkmated} 1-0

[Event "EDAMI"]
[Site "Internet Chess Club"]
[Date "2020.03.21"]
[Round "7"]
[White "JORGEVALLES"]
[Black "liveisgood"]
[Result "1/2-1/2"]
[ICCResult "Game drawn by repetition"]
[WhiteElo "1101"]
[BlackElo "1214"]
[Opening "Blackmar gambit"]
[ECO "D00"]
[NIC "QP.08"]
[Time "14:50:43"]
[TimeControl "300+3"]

1. d4 d5 2. e4 e5 3. Nf3 Nc6 4. Nxe5 Nf6 5. exd5 Nxd5 6. Bc4 Nb6 7. Bb3 Bb4+
8. Kf1 Nxd4 9. Bxf7+ Kf8 10. Bh5 Qh4 11. c3 Bd6 12. cxd4 c5 13. Ng4 Bf5 14.
g3 Qxh5 15. dxc5 Bxg4 16. Qxd6+ Ke8 17. cxb6 axb6 18. Qxb6 Qh3+ 19. Kg1 Rd8
20. Qb5+ Rd7 21. Qe5+ Kd8 22. Qg5+ Kc7 23. Qc5+ Kd8 24. Qa5+ Ke7 25. Qa3+
Kd8 26. Qa5+ Ke7 27. Qa3+ Kd8 28. Qa5+ Ke7 29. Qa3+ Kd8 30. Qa5+ Ke7
{Game drawn by repetition}
1/2-1/2

[Event "EDAMI"]
[Site "Internet Chess Club"]
[Date "2020.03.21"]
[Round "7"]
[White "leonardogila"]
[Black "Mark888"]
[Result "1-0"]
[ICCResult "Black checkmated"]
[WhiteElo "1283"]
[BlackElo "1158"]
[Opening "Benko's opening"]
[ECO "A00"]
[NIC "VO.09"]
[Time "14:51:48"]
[TimeControl "300+3"]

1. g3 e5 2. Bg2 Qg5 3. d3 Bb4+ 4. c3 Qf6 5. Nf3 Ne7 6. Bg5 Qe6 7. Nbd2 Bc5
8. d4 exd4 9. cxd4 Bb6 10. O-O O-O 11. Nc4 Ba5 12. d5 Qa6 13. d6 cxd6 14.
Qxd6 Qxd6 15. Nxd6 f6 16. Bf4 g5 17. Be3 Nf5 18. Nxf5 Nc6 19. Bd4 Nxd4 20.
N3xd4 Bb6 21. Bd5+ Kh8 22. Nf3 d6 23. Nxd6 Bh3 24. Nf7+ Kg7 25. Nd6 Bxf1 26.
Rxf1 Rfd8 27. Nf5+ Kg6 28. Ne3 f5 29. Ne5+ Kh5 30. Bf3+ Kh6 31. Nxf5#
{Black checkmated}
1-0

[Event "EDAMI"]
[Site "Internet Chess Club"]
[Date "2020.03.21"]
[Round "7"]
[White "pgranadap"]
[Black "Hakrom"]
[Result "0-1"]
[ICCResult "White resigns"]
[WhiteElo "1407"]
[BlackElo "1561"]
[Opening "Caro-Kann: classical, 6.h4"]
[ECO "B18"]
[NIC "CK.11"]
[Time "14:50:42"]
[TimeControl "300+3"]

1. e4 c6 2. d4 d5 3. Nd2 dxe4 4. Nxe4 Bf5 5. Ng3 Bg6 6. h4 h5 7. Nf3 Nd7 8.
Bd3 Bxd3 9. Qxd3 g6 10. b3 Qc7 11. Bb2 Bg7 12. O-O-O O-O-O 13. Qc4 e6 14.
Ba3 Nb6 15. Qb4 Bf8 16. Qa5 Bxa3+ 17. Qxa3 Kb8 18. Kb1 Nf6 19. Rd2 Nbd5 20.
Rhd1 Nc3+ 21. Kb2 Nxd1+ 22. Rxd1 Qd6 23. Qa4 b5 24. Qa6 Qc7 25. Ne5 Rc8 26.
a4 bxa4 27. Ra1 Qb6 28. Qxa4 Rhf8 29. Nc4 Qc7 30. Nd6 Rcd8 31. Qb4+ Qb6 32.
Ra4 Qxb4 33. Rxb4+ Kc7 34. Nc4 Rb8 35. Ra4 Ra8 36. Ne5 Ng4 37. Nc4 Nxf2 38.
Ne5 Ng4 39. Nxg4 hxg4 40. Ne4 Rfd8 41. Rc4 Rd5 42. c3 Rh8 43. g3 f5 44. Nf6
Rf8 45. Nxd5+ exd5 46. Ra4 Kb7 47. Ra1 Re8 48. Kc2 Re3 49. Rg1 Kc7 50. Kd2
Rf3 51. b4 Kd6 52. Rg2 a6 53. Rg1 Ke6 54. Re1+ Kf6 55. Re3 Rf2+ 56. Kd3 Rf1
57. Ke2 Rc1 58. Kd2 Rg1 59. Kc2 g5 60. hxg5+ Kxg5 61. Kd3 Rf1 62. Ke2 Rc1
63. Kd2 Rg1 64. Kc2 Rf1 65. Kb3 Rf3 66. Re2 Rxg3 67. Re8 f4 68. Rg8+ Kf5 69.
Rc8 f3 70. Rxc6 f2 71. Rc8 Rf3 {White resigns} 0-1

[Event "EDAMI"]
[Site "Internet Chess Club"]
[Date "2020.03.21"]
[Round "7"]
[White "ArnauGuasch"]
[Black "raxali"]
[Result "0-1"]
[ICCResult "White checkmated"]
[WhiteElo "1153"]
[BlackElo "1255"]
[Opening "Queen's pawn game"]
[ECO "D00"]
[NIC "QP.08"]
[Time "14:50:52"]
[TimeControl "300+3"]

1. d4 d5 2. Bd2 Nf6 3. e3 Nc6 4. Bb4 Nxb4 5. Qd2 Nc6 6. Nf3 e5 7. dxe5 Nd7
8. Ng5 Qxg5 9. f4 Qe7 10. Be2 d4 11. exd4 f6 12. Bh5+ Kd8 13. Qf2 fxe5 14.
fxe5 Nxd4 15. Qxd4 c5 16. Qg4 Nxe5 17. Qf4 c4 18. Qd4+ Kc7 19. Qxc4+ Kb8 20.
Qb4 a5 21. Qb5 Bd7 22. Nc3 Bxb5 23. Nxb5 Ra6 24. Nc3 g6 25. Bf3 Rc6 26. Bxc6
Nxc6+ 27. Kf1 Qf7+ 28. Ke1 Qd7 29. Nb5 Qe7+ 30. Kf1 Qf7+ 31. Ke1 Qe7+ 32.
Kf1 Qf7+ 33. Ke1 Qe7+ 34. Kf1 Qf7+ 35. Ke1 Qe7+ 36. Kf1 Qf7+ 37. Ke1 Qe7+
38. Kf1 Qf7+ 39. Ke1 Qe7+ 40. Kf1 Qd7 41. Rg1 Qd2 42. Nc3 Qxc2 43. Ke1 Qxb2
44. Kd1 Qxa1+ 45. Kc2 Qxg1 46. Ne2 Qxg2 47. Kd1 Qd5+ 48. Ke1 Qxa2 49. Kf2
Rg8 50. Ke1 Rg7 51. Kf2 Rf7+ 52. Ke1 Rd7 53. Kf2 Rd1 54. Ke3 Qa3+ 55. Kf2
Nd4 56. Kg2 Nxe2 57. Kf2 Ra1 58. Kxe2 Ra2+ 59. Kf1 Qb3 60. Kg1 Qb1#
{White checkmated}
0-1

[Event "EDAMI"]
[Site "Internet Chess Club"]
[Date "2020.03.21"]
[Round "7"]
[White "Eodun"]
[Black "Alexelnub"]
[Result "0-1"]
[ICCResult "White checkmated"]
[WhiteElo "1028"]
[BlackElo "1070"]
[Opening "KP: Patzer opening"]
[ECO "C20"]
[NIC "KP.10"]
[Time "14:50:48"]
[TimeControl "300+3"]

1. e4 e5 2. Qh5 g6 3. Qxe5+ Be7 4. d4 d6 5. Qf5 c6 6. Qf4 Bf8 7. e5 Bh6 8.
Qe4 d5 9. Qd3 b6 10. c4 Ba6 11. Bxh6 Bxc4 12. Qc2 Nxh6 13. Qc1 Bxf1 14. Kxf1
Ng8 15. Nf3 Nh6 16. Kg1 Ng4 17. Kf1 c5 18. e6 fxe6 19. Ng5 cxd4 20. Nxe6 Qe7
21. Nxd4 Na6 22. Qc8+ Rxc8 23. Nf5 Qf6 24. Nd6+ Qxd6 25. Nd2 b5 26. Nb3 b4
27. Na5 Rc5 28. a4 Rxa5 29. Re1+ Ne5 30. f4 Nc5 31. fxe5 Qa6+ 32. Kf2 Nd7
33. Rd1 Nxe5 34. Rc1 Qb6+ 35. Kf1 Nd3 36. Rd1 Nxb2 37. Rb1 Nxa4 38. Ra1 Nc5
39. Rxa5 Qxa5 40. Rg1 Rf8+ 41. Ke1 Rf4 42. Kd1 Rd4+ 43. Ke1 Rd3 44. Rf1 Qa1+
45. Ke2 Qa2+ 46. Ke1 Rb3 47. Rf2 Rb1# {White checkmated} 0-1

[Event "EDAMI"]
[Site "Internet Chess Club"]
[Date "2020.03.21"]
[Round "7"]
[White "AnithingElse"]
[Black "AdriaPro"]
[Result "0-1"]
[ICCResult "White resigns"]
[WhiteElo "1478"]
[BlackElo "1682"]
[Opening "Queen's pawn game"]
[ECO "D04"]
[Time "14:50:46"]
[TimeControl "300+3"]

1. e3 d5 2. d4 Nf6 3. Nf3 c5 4. c3 cxd4 5. cxd4 Nc6 6. Nc3 g6 7. Bd3 Bg7 8.
Bd2 O-O 9. O-O a6 10. Re1 Nb4 11. Be2 Bf5 12. Rc1 Nd3 13. Bxd3 Bxd3 14. Ne5
Bf5 15. Qb3 b5 16. h3 Ne4 17. Nxe4 Bxe4 18. Bb4 Bxe5 19. dxe5 Qd7 20. f3 Bf5
21. g4 Be6 22. f4 d4 23. Qd3 Bxa2 24. exd4 Bc4 25. Qe4 Rfd8 26. Red1 Bd5 27.
Qe3 a5 28. Bc5 b4 29. Kf2 Bb7 30. Bb6 Rdc8 31. Rc5 Rxc5 32. Bxc5 Qd5 33. Kg3
Qg2+ 34. Kh4 Qxb2 35. Bxe7 Qc2 36. Re1 b3 37. Re2 Qc4 38. f5 a4 39. Qh6 Qxe2
40. f6 Qf2+ 41. Kg5 Qe3+ 42. Kh4 Qxh6+ 43. Kg3 Qe3+ 44. Kh4 Qxd4 45. Ba3 b2
{White resigns}
0-1

[Event "EDAMI"]
[Site "Internet Chess Club"]
[Date "2020.03.21"]
[Round "7"]
[White "Marc12"]
[Black "Arriazu96"]
[Result "0-1"]
[ICCResult "White forfeits on time"]
[WhiteElo "1362"]
[BlackElo "1243"]
[Opening "French: advance, Milner-Barry gambit"]
[ECO "C02"]
[NIC "FR.03"]
[Time "14:50:41"]
[TimeControl "300+3"]

1. e4 e6 2. d4 d5 3. e5 c5 4. c3 Nc6 5. Nf3 Qb6 6. Bd3 Bd7 7. Be2 Nge7 8.
Na3 a6 9. Nc2 cxd4 10. cxd4 Nf5 11. Rb1 Be7 12. Be3 Nxe3 13. fxe3 O-O 14.
O-O f6 15. exf6 Rxf6 16. h3 Bd6 17. a3 Raf8 18. Qd2 Ne7 19. Nh2 Nf5 20. Ng4
R6f7 21. Rf3 Nh4 22. Rxf7 Rxf7 23. Qe1 Nf5 24. Kh1 Bb5 25. Kg1 Bxe2 26. Qxe2
Ng3 27. Qd2 Ne4 28. Qe1 Bg3 29. Qd1 Qd6 30. Qd3 h5 31. Ne5 Rf2 32. Rf1 Qf8
33. Nf3 b5 34. b4 g5 35. Rxf2 Nxf2 36. Qe2 Ne4 37. Qd3 g4 38. hxg4 hxg4
{White forfeits on time}
0-1

[Event "EDAMI"]
[Site "Internet Chess Club"]
[Date "2020.03.21"]
[Round "7"]
[White "morgana1965"]
[Black "Luar10"]
[Result "0-1"]
[ICCResult "White resigns"]
[WhiteElo "1524"]
[BlackElo "1571"]
[Opening "English opening"]
[ECO "A20"]
[NIC "EO.24"]
[Time "14:50:44"]
[TimeControl "300+3"]

1. c4 e5 2. g3 c6 3. Bg2 d5 4. cxd5 cxd5 5. d3 Nc6 6. Nc3 Nf6 7. Nf3 Bb4 8.
Bd2 Be6 9. a3 Bxc3 10. bxc3 O-O 11. O-O Rc8 12. Rb1 b6 13. a4 Bg4 14. h3
Bxf3 15. Bxf3 e4 16. dxe4 dxe4 17. Bg2 Ne5 18. Rb4 Rc4 19. Rxc4 Nxc4 20. Bf4
Qxd1 21. Rxd1 h6 22. Rd4 Na5 23. Bxe4 Rc8 24. Bd3 Nb3 25. Rd6 Nc5 26. Bf5
Re8 27. Rc6 Nxa4 28. Bc1 Rxe2 29. Rc7 g6 30. Bc2 Re1+ 31. Kg2 Rxc1 32. Bxa4
Ne4 33. c4 Nd6 34. Bb3 Rc3 35. Rc6 Rxb3 36. Rxd6 a5 37. Rd2 Rc3 38. Rb2 Rxc4
39. Rxb6 a4 40. Ra6 Kf8 41. Kf3 Ke7 42. Ke2 Kd7 43. Kd3 Rb4 44. Kc3 Rb3+ 45.
Kc2 Rf3 46. Rxa4 Rxf2+ 47. Kd1 Rf3 48. Rd4+ Ke7 49. Re4+ Kf8 50. Rg4 h5 51.
Rg5 Kg7 52. Ke2 Ra3 53. Kf2 f6 54. Rd5 g5 55. Rd7+ Kg6 56. Re7 Ra2+ 57. Kf3
Ra3+ 58. Re3 Rxe3+ 59. Kxe3 Kf5 60. Kf3 g4+ 61. hxg4+ hxg4+ 62. Kg2 Ke4 63.
Kf2 f5 64. Ke2 Kd4 65. Kd2 Ke4 66. Ke2 f4 67. gxf4 Kxf4 68. Kf2 g3+ 69. Kg2
Kg4 70. Kg1 Kf3 71. Kf1 Ke3 72. Kg2 Kf4 73. Kf1 Kf3 74. Kg1 g2 75. Kh2 Kf2
{White resigns}
0-1